Map: [ESL] Moondance

Players

Solar - Winner!

  • Race: Zerg Zerg
  • Spawn Location: 6:00

Nice

  • Race: Protoss Protoss
  • Spawn Location: 12:00

Event: DreamHack SC2 Masters 2022 Valencia

VOD

Have the link to the VOD?

Description

Time

  • Played on: July 1, 2022, 1:05 p.m.
  • Length: 8:45

All games in this series

Show
View Real Time Build Order
Export as new Build Order

Solar Zerg - Winner!

Build Orders: Hatch First, Swarm Host 

Get SALT Encoding   

  12  0:00  Drone  
  13  0:12  Overlord  
  13  0:17  Drone  
  14  0:31  Drone x2  
  16  0:48  Hatchery  
  15  0:51  Drone  
  15  0:55  Drone  
  17  0:58  Drone  
  18  1:09  Extractor  
  17  1:15  Spawning Pool  
  17  1:18  Drone  
  17  1:20  Drone  
  18  1:28  Drone  
  19  1:40  Drone  
  20  1:49  Overlord  
  20  2:02  Queen x2, Zergling x4  
  26  2:11  Drone x2  
  26  2:13  Metabolic Boost  
  28  2:22  Drone x2  
  30  2:36  Hatchery  
  29  2:38  Zergling x2  
  29  2:41  Drone  
  31  2:47  Queen  
  33  2:52  Overlord  
  33  2:56  Drone  
  34  3:01  Drone  
  34  3:05  Drone  
  35  3:08  Drone  
  35  3:12  Drone x4  
  39  3:16  Queen  
  39  3:19  Drone  
  42  3:22  Overlord  
  42  3:26  Spore Crawler  
  41  3:28  Drone  
  42  3:37  Overlord  
  42  3:40  Queen  
  42  3:41  Overlord  
  44  3:43  Drone  
  44  3:45  Drone  
  44  3:46  Drone  
  44  3:48  Drone  
  48  3:54  Queen  
  50  3:56  Drone  
  50  3:58  Spore Crawler  
  50  4:00  Drone  
  51  4:03  Drone x2  
  51  4:05  Drone  
  51  4:07  Drone  
  55  4:10  Drone x2  
  55  4:11  Drone  
  55  4:13  Drone  
  55  4:15  Overlord  
  59  4:18  Drone  
  59  4:21  Zergling x4  
  59  4:22  Zergling x2  
  63  4:25  Drone x2  
  63  4:27  Overlord  
  65  4:35  Roach Warren  
  64  4:40  Lair  
  64  4:43  Extractor, Drone x3  
  64  4:44  Overlord  
  64  4:45  Extractor  
  65  4:46  Drone  
  65  4:47  Drone x2  
  65  4:48  Drone  
  65  4:51  Drone x2  
  65  4:52  Drone  
  71  4:57  Drone x2  
  71  4:58  Queen  
  75  5:03  Drone x3  
  75  5:04  Extractor, Drone  
  75  5:05  Extractor  
  77  5:07  Overlord  
  77  5:09  Drone, Zergling x4  
  80  5:17  Zergling x10  
  80  5:20  Overlord  
  85  5:23  Drone x3  
  85  5:25  Drone x2  
  85  5:26  Drone  
  88  5:30  Drone  
  88  5:32  Drone  
  88  5:35  Drone  
  91  5:43  Evolution Chamber  
  91  5:46  Overlord  
  91  5:48  Drone  
  91  5:50  Extractor, Overseer  
  91  5:51  Drone  
  91  5:52  Drone x2, Hatchery  
  91  5:53  Drone  
  93  5:59  Drone  
  93  6:00  Overlord  
  93  6:02  Roach x3  
  93  6:03  Glial Reconstitution  
  99  6:06  Roach  
  99  6:07  Roach x2  
  99  6:08  Roach  
  109  6:12  Roach  
  109  6:15  Roach  
  109  6:16  Roach x2  
  109  6:18  Overlord  
  113  6:21  Roach, Spine Crawler  
  113  6:22  Zerg Missile Weapons Level 1  
  113  6:24  Roach  
  116  6:26  Roach  
  116  6:32  Overlord  
  122  6:36  Roach x4  
  122  6:39  Infestation Pit, Overlord  
  129  6:43  Overlord  
  125  6:55  Overseer  
  125  6:56  Overlord  
  125  6:57  Overlord  
  125  7:02  Hatchery  
  125  7:04  Overlord  
  124  7:08  Overlord  
  124  7:15  Swarm Host x10  
  124  7:16  Swarm Host  
  124  7:20  Overlord x3  
  124  7:22  Swarm Host  
  160  7:28  Overlord  
  160  7:39  Roach x5  
  160  7:40  Roach x2  
  160  7:41  Roach x3  
  160  7:42  Roach  
  182  7:45  Swarm Host  
  182  7:47  Swarm Host  
  182  7:49  Overlord  
  188  7:53  Overlord  
  188  7:55  Overlord  
  188  8:01  Ravager x3  
  188  8:04  Roach  
  191  8:07  Roach x2  
  191  8:08  Roach, Hatchery  
  195  8:14  Roach x2  
  199  8:22  Roach  
  199  8:24  Roach  
  200  8:43  Ravager  
  196  8:44  Ravager  
Show
View Real Time Build Order
Export as new Build Order

Nice Protoss 

Build Orders: 1 Gate Expand, Oracle Opening, Phoenix Opening, Zealot Archon, Archon Drop 

Get SALT Encoding   

  12  0:00  Probe  
  13  0:12  Probe  
  14  0:19  Pylon  
  14  0:24  Probe  
  15  0:37  Probe (Chrono Boost)  
  15  0:41  Gateway  
  16  0:49  Probe (Chrono Boost)  
  17  0:50  Assimilator  
  17  0:54  Probe (Chrono Boost)  
  18  1:04  Probe  
  19  1:16  Probe  
  20  1:27  Nexus  
  20  1:37  Cybernetics Core  
  20  1:43  Assimilator  
  20  1:44  Probe  
  21  1:51  Pylon  
  21  1:56  Probe  
  22  2:08  Probe  
  22  2:11  Adept (Chrono Boost)  
  25  2:21  Probe  
  26  2:24  Stargate  
  26  2:33  Adept, Probe (Chrono Boost)  
  26  2:35  Warp Gate  
  29  2:39  Probe (Chrono Boost)  
  31  2:45  Probe (Chrono Boost)  
  31  2:48  Probe (Chrono Boost)  
  32  2:51  Gateway  
  32  2:53  Probe (Chrono Boost)  
  33  3:01  Probe  
  34  3:08  Phoenix (Chrono Boost)  
  34  3:11  Probe  
  35  3:13  Probe  
  35  3:18  Pylon  
  36  3:23  Probe  
  36  3:24  Oracle (Chrono Boost)  
  41  3:33  Pylon  
  40  3:43  Nexus  
  40  3:52  Twilight Council  
  40  3:54  Probe x2  
  42  3:59  Robotics Facility  
  42  4:06  Probe x2  
  42  4:08  Assimilator  
  44  4:10  Assimilator  
  44  4:13  Gateway  
  44  4:18  Probe, Gateway  
  44  4:19  Probe  
  46  4:24  Gateway  
  46  4:28  Charge (Chrono Boost)  
  46  4:30  Probe  
  46  4:31  Probe  
  48  4:43  Probe x2  
  50  4:48  Adept  
  50  4:50  Shield Battery  
  50  4:51  Adept  
  54  4:55  Probe x2  
  56  5:02  Gateway  
  56  5:04  Gateway  
  56  5:10  Templar Archives  
  56  5:12  Warp Prism (Chrono Boost)  
  56  5:20  Probe  
  57  5:30  Gateway  
  57  5:31  Stalker  
  57  5:32  Zealot x2  
  61  5:41  Pylon  
  61  5:42  Pylon x2  
  61  5:45  Zealot  
  60  5:54  Zealot  
  62  6:08  Pylon  
  62  6:12  Zealot x6  
  62  6:15  High Templar x3  
  62  6:16  High Templar, Zealot x3  
  76  6:19  Archon x2  
  76  6:29  Pylon  
  76  6:30  Pylon  
  76  6:39  Nexus  
  74  6:44  Immortal (Chrono Boost)  
  74  6:45  Probe x2  
  76  6:57  Pylon, Probe x2  
  78  7:04  High Templar x2  
  78  7:05  Zealot x2  
  78  7:06  Robotics Bay  
  78  7:07  Forge  
  86  7:09  Probe, Archon, High Templar x2  
  86  7:10  Zealot x2  
  86  7:14  Archon  
  95  7:16  Pylon x2  
  95  7:24  Pylon  
  95  7:25  Immortal (Chrono Boost)  
  99  7:38  Zealot x5  
  99  7:39  Zealot  
  111  7:49  Pylon  
  111  7:50  Pylon  
  111  7:54  High Templar x2  
  111  7:58  Archon  
  113  8:12  Zealot x5  
  111  8:32  High Templar  
  111  8:33  High Templar, Zealot x6  
  119  8:37  Archon  

Tags
 
Add a new tag
Caveats
  • Supply blocks, unpowered buildings, or Contaminate may cause inaccurate times.
  • Supply counts are checked every 10 seconds.